 Dungeon Crawl Stone Soup version 0.22-a0-618-gd6a3efe (webtiles) character file.

25 sking99 the Ruffian (level 3, -1/36 HPs)
             Began as an Ogre Transmuter on July 13, 2018.
             Slain by a crimson imp
             ... wielding a +0 hand axe
              (3 damage)
             ... on level 2 of the Dungeon.
             The game lasted 00:01:50 (1542 turns).

sking99 the Ruffian (Ogre Transmuter)               Turns: 1542, Time: 00:01:51

Health: -1/36      AC:  3    Str: 14    XL:     3   Next: 6%
Magic:  5/6        EV: 10    Int: 14    God:
Gold:   64         SH:  0    Dex: 10    Spells: 5/6 levels left

rFire    . . .     SeeInvis .     - Unarmed
rCold    . . .     Gourm    .   (no shield)
rNeg     . . .     Faith    .   b - +0 robe
rPois    +         Spirit   .   (helmet restricted)
rElec    .         Reflect  .   (no cloak)
rCorr    .         Harm     .   (gloves unavailable)
MR       .....                  (boots unavailable)
Stlth    +.........             (no amulet)
HPRegen  0.12/turn              (no ring)
MPRegen  0.10/turn              (no ring)

@: appendage (expiring)
A: large, unfitting armour, talons 3, poison resistance, tough skin 1
a: End Transformation


You were on level 2 of the Dungeon.
You were not hungry.
You had grown temporary talons.
You visited 1 branch of the dungeon, and saw 2 of its levels.

You collected 64 gold pieces.

Inventory:

Missiles
 a - 25 arrows
Armour
 b - a +0 robe (worn)
Jewellery
 k - an uncursed ring of fire {unknown}
 m - an uncursed ring of poison resistance {unknown}
Scrolls
 c - a scroll of enchant armour {unknown}
 e - a scroll of magic mapping {unknown}
 i - 3 scrolls of remove curse {unknown}
 l - a scroll of enchant weapon {unknown}
Potions
 f - a potion of heal wounds {unknown}
 g - a potion of flight {unknown}
Comestibles
 d - 4 rations
 j - 3 chunks of flesh


   Skills:
 + Level 2.4 Fighting
 - Level 1.7 Dodging
 * Level 3.4 Unarmed Combat
 - Level 2.4 Spellcasting
 - Level 1.7 Transmutations


You had 5 spell levels left.
You knew the following spells:

 Your Spells              Type           Power        Failure   Level  Hunger
a - Beastly Appendage     Tmut           #.....       11%         1    #......

Your spell library contained the following spells:

 Spells                   Type           Power        Failure   Level  Hunger
 Spider Form              Tmut/Pois      #.........   43%         3    ###....
 Blade Hands              Tmut           #.........   97%         5    ######.
 Ice Form                 Ice/Tmut       #.......     85%         4    #####..
 Sticks to Snakes         Tmut           #.......     17%         2    ###....


Dungeon Overview and Level Annotations

Branches:
Dungeon (2/15)

Altars:


Innate Abilities, Weirdness & Mutations

You are too large for most types of armour.
You have tough skin. (AC +1)
You have claws for feet.
Your system is resistant to poisons. (rPois)


Message History

The crimson imp hits you with a hand axe.
* * * LOW HITPOINT WARNING * * *
The kobold barely misses you.
You hit the crimson imp but do no damage.
The kobold hits you.
* * * LOW HITPOINT WARNING * * *
The crimson imp hits you with a hand axe.
* * * LOW HITPOINT WARNING * * *
You hit the crimson imp but do no damage.
Your kick misses the crimson imp. The kobold completely misses you.
The crimson imp hits you with a hand axe.
* * * LOW HITPOINT WARNING * * *
You hit the crimson imp.
The crimson imp is lightly wounded.
The kobold hits you.
* * * LOW HITPOINT WARNING * * *
It was a potion of mutation.
You feel extremely strange.
You feel weaker.
You feel stronger.
You feel resistant to poisons.
The crimson imp hits you with a hand axe.
You die...

.......######.#....#
#.............#....#
.###...#..######.#######
.......#................
.......#...######.......
.....#'#.%..............
..........#..#..#.......
.......K..#....รท........
.......@5.#.............
......)...#.............
..........+..#+#........
..........##.# ........
..........##.# ##......
.......(.....# ######
.#....####... +.... ...


You could see a crimson imp and a kobold.

Vanquished Creatures
  An adder (D:2)
  A worm (D:2)
  A leopard gecko (D:1)
  A goblin (D:1)
  3 hobgoblins
  3 bats
  2 frilled lizards
  2 kobolds
  A rat (D:1)
15 creatures vanquished.

Notes
Turn   | Place    | Note
-------+----------+-------------------------------------------
     0 | D:1      | sking99 the Ogre Transmuter began the quest for the Orb.
     0 | D:1      | Reached XP level 1. HP: 19/19 MP: 3/3
   679 | D:1      | Reached skill level 3 in Unarmed Combat
   691 | D:1      | Reached XP level 2. HP: 28/28 MP: 5/5
  1326 | D:2      | Reached XP level 3. HP: 21/36 MP: 4/6
  1542 | D:2      | Gained mutation: You are weak. (Str -2) [potion of mutation]
  1542 | D:2      | Lost mutation: You are weak. (Str -2) [potion of mutation]
  1542 | D:2      | Gained mutation: Your system is resistant to poisons. (rPois) [potion of mutation]
  1542 | D:2      | Slain by a crimson imp

Vault maps used:
D:1:      scummos_arrival_checkerplants, serial_forest,
          infiniplex_forest_lined_room_3, infiniplex_forest_lined_3,
          infiniplex_forest_clump_C, infiniplex_forest_split,
          infiniplex_forest_straight_2, infiniplex_forest_clump_small,
          infiniplex_forest_end_2, infiniplex_forest_clump_tiny
D:2:      first_ration, uniq_sigmund

Skill      XL: |  1  2 |
---------------+-------+-----
Unarmed Combat | 3 |  3.4
Fighting       | 2 |  2.4
Dodging        | |  1.7
Spellcasting   | |  2.4
Transmutations | |  1.7

Action                   || total
-------------------------++-------
Melee: Unarmed           ||    65
       Kick              ||     5
 Cast: Beastly Appendage ||     4
  Use: Potion            ||     1
 Stab: Sleeping          ||     1
  Eat: Chunk             ||     2
Armor: Robe              ||    10
Dodge: Dodged            ||    30

Table legend:
 A = Spawn XP
 B = Non-spawn XP
 C = Spawn XP percentage of total XP
 D = Spawn monster count
 E = Non-spawn monster count
 F = Spawn count percentage of total count
 G = Total turns spent on level
                    A         B        C        D         E        F      G
               +---------+---------+-------+---------+---------+-------+---------
         Total |       0 |      37 |   0.0 |       0 |      15 |   0.0 |  1542
               +---------+---------+-------+---------+---------+-------+---------
           D:1 |       0 |      13 |   0.0 |       0 |       8 |   0.0 |  1217
           D:2 |       0 |      24 |   0.0 |       0 |       7 |   0.0 |   325
               +---------+---------+-------+---------+---------+-------+---------
